 Dungeon Crawl Stone Soup version 0.27.1-3-gb3d3a73c9e (webtiles) character file.

Game seed: 420168494671484435

58 H0rd4k the Charlatan (level 4, 0/32 HPs)
             Began as a Human Artificer on Oct 14, 2021.
             Frozen to death by an endoplasm (5 damage)
             ... on level 3 of the Dungeon.
             The game lasted 00:02:22 (2178 turns).

H0rd4k the Charlatan (Human Artificer)              Turns: 2178, Time: 00:02:22

Health: 0/32       AC:  9    Str: 13    XL:     4   Next: 20%
Magic:  4/4        EV: 10    Int: 12    God:
Gold:   57         SH:  0    Dex: 13    Spells: 3/3 levels left

rFire    . . .     SeeInvis .   a - +2 dagger (elec)
rCold    . . .     Faith    .   (no shield)
rNeg     . . .     Spirit   .   l - quicksilver dragon scales
rPois    .         Reflect  .   (no helmet)
rElec    .         Harm     .   (no cloak)
rCorr    .         Rampage  .   (no gloves)
Will     +....                  (no boots)
Stlth    +.........             (no amulet)
HPRegen  0.10/turn              (no ring)
MPRegen  0.09/turn              (no ring)

@: lethally poisoned (0 -> -2)
A: no striking features
a: no special abilities


You were on level 3 of the Dungeon.
You visited 1 branch of the dungeon, and saw 3 of its levels.

You collected 57 gold pieces.

Inventory:

Hand Weapons
 a - a +2 dagger of electrocution (weapon)
 n - a +0 short sword
Missiles
 i - 5 curare-tipped darts
Armour
 b - a +0 leather armour
 l - quicksilver dragon scales (worn)
 m - a +0 scale mail of cold resistance
Wands
 c - a wand of flame (13) (quivered)
 d - a wand of charming (15)
Scrolls
 h - a scroll of blinking {unknown}
 j - a scroll of identify {unknown}
Potions
 f - a potion of lignification {unknown}
 g - a potion of mutation {unknown}
 k - 2 potions of heal wounds {unknown}
Miscellaneous
 e - a piece from Xom's chessboard (15/15)


   Skills:
 + Level 1.4 Fighting
 + Level 0.3 Short Blades
 - Level 2.0 Armour
 + Level 1.8 Dodging
 - Level 1.0 Stealth
 + Level 4.2 Evocations


You had 3 spell levels left.
You didn't know any spells.
Your spell library was empty.

Dungeon Overview and Level Annotations

Branches:
Dungeon (3/15)

Altars:
Zin

Annotations:
D:2 Robin


Message History

The adder poisons you! The adder misses you.
You miss the adder.
The adder is severely wounded.
You feel sick. The adder bites you.
You are more poisoned.
The adder poisons you!
You miss the adder.
The adder is severely wounded.
You feel sick. The adder closely misses you.
You hit the adder.
The adder is almost dead.
You feel sick. The adder completely misses you.
You hit the adder but do no damage.
The adder is almost dead.
You feel sick. The adder bites you.
You are more poisoned.
The adder poisons you! The adder closely misses you.
You miss the adder.
The adder is almost dead.
* * * LOW HITPOINT WARNING * * *
You feel sick. The adder barely misses you.
You hit the adder.
You kill the adder!
* * * LOW HITPOINT WARNING * * *
You feel sick.
You have reached level 4!
You feel clever.
You hit the goblin. Lightning courses through the goblin!
You kill the goblin!
You feel sick.
You feel sick. The endoplasm barely misses you.
There is an open door, spattered with blood here.
Things that are here:
a +0 dagger; a goblin corpse You hit the endoplasm.
The endoplasm is almost dead.
You feel sick. The endoplasm freezes you.
You are frozen.
You die...

#...# #...# #...#
#### #...# #####
##...# #...###...##
#.....##...##.....##
.......#...#.......#
..$...J@...'.......#
.......#...#.......#
#...."##...##.....##
##...# #...###...##
##### #...# #####
##...###...###...##
##.....##...##.....##
#.......#...#.......#
#.......)...'..(.[..#


You could see an endoplasm.

Vanquished Creatures
  An adder (D:3)
  A shadow imp (D:3)
  2 dart slugs (D:1)
  A ball python (D:1)
  An endoplasm (D:2)
  A giant cockroach (D:3)
  3 goblins
  4 hobgoblins
  3 jackals (D:2)
  2 quokkas
  2 bats (D:1)
  2 frilled lizards
  4 kobolds
  11 rats
38 creatures vanquished.

Notes
Turn   | Place    | Note
-------+----------+-------------------------------------------
     0 | D:1      | H0rd4k the Human Artificer began the quest for the Orb.
     0 | D:1      | Reached XP level 1. HP: 15/15 MP: 1/1
   394 | D:1      | Reached XP level 2. HP: 21/21 MP: 2/2
   937 | D:1      | Found a faded altar of an unknown god.
  1213 | D:2      | Reached XP level 3. HP: 18/26 MP: 3/3
  1334 | D:2      | Found a glowing silver altar of Zin.
  1820 | D:2      | Reached skill level 4 in Evocations
  2041 | D:2      | Noticed Robin
  2176 | D:3      | Reached XP level 4. HP: 7/32 MP: 4/4
  2178 | D:3      | Frozen to death by an endoplasm

Illustrated notes

Levels and vault maps discovered:
D:1:      dpeg_arrival_ratfight, layout_basic,
          ebering_ecumenical_altar_abandoned, supply_closet_lemuel,
          chequers_serial_rivers_small_a
D:2:      layout_loops_cross, basic_altar, uniq_robin
D:3:      kennysheep_six_static_rooms, layout_rooms,
          gammafunk_ghost_gnarly_gnolls, amethyst_killhole

Skill      XL: |  1  2  3 |
---------------+----------+-----
Evocations     | 4 |  4.2
Fighting       | |  1.4
Short Blades   | |  0.3
Armour         | |  2.0
Dodging        | |  1.8
Stealth        | |  1.0

Action                   |  1- 3 |  4- 6 || total
-------------------------+-------+-------++-------
Melee: Club              |   152 |       ||   152
       Dagger            |    31 |     2 ||    33
       Short sword       |    20 |       ||    20
Evoke: Wand              |     2 |       ||     2
 Stab: Sleeping          |     3 |       ||     3
Armor: Leather armour    |    37 |       ||    37
       Quicksilver drago |    53 |       ||    53
Dodge: Dodged            |   132 |     1 ||   133
